 Dungeon Crawl Stone Soup version 0.28-a0-1622-gc30f734a66 (webtiles) character file.

Game seed: 4034999030832393305

194 Peloso the Slasher (level 5, 0/47 HPs)
             Began as a Minotaur Fighter on Jan 23, 2022.
             Slain by a river rat (3 damage)
             ... in a sewer.
             The game lasted 00:04:27 (2316 turns).

Peloso the Slasher (Minotaur Fighter)               Turns: 2316, Time: 00:04:28

Health: 0/47       AC: 12    Str: 21    XL:     5   Next: 44%
Magic:  4/4        EV:  7    Int:  5    God:
Gold:   109        SH:  4    Dex: 11    Spells: 4/4 levels left

rFire   . . .      SeeInvis .   a - +0 long sword
rCold   . . .      Faith    .   c - +0 buckler
rNeg    . . .      Spirit   .   k - +0 plate armour
rPois   .          Reflect  .   (helmet restricted)
rElec   .          Harm     .   (no cloak)
rCorr   .          Rampage  .   (no gloves)
Will    .....                   (no boots)
Stlth   ..........              (no amulet)
HPRegen 0.15/turn               (no ring)
MPRegen 0.09/turn               (no ring)

@: very slow
A: horns 2, retaliatory headbutt, claws 1, camouflage 1, sturdy frame 1
a: no special abilities


You were in a sewer.
You visited 1 branch of the dungeon, and saw 3 of its levels.
You also visited: Sewer.

You collected 109 gold pieces.

Inventory:

Hand Weapons
 a - a +0 long sword (weapon)
Armour
 b - a +0 scale mail
 c - a +0 buckler (worn)
 k - a +0 plate armour (worn)
Jewellery
 f - a ring of poison resistance
Scrolls
 g - a scroll of teleportation
 j - a scroll of identify
Potions
 d - a potion of might


   Skills:
 + Level 4.4 Fighting
 + Level 4.8 Long Blades
 + Level 4.7 Armour
 + Level 0.9 Dodging
 + Level 4.3 Shields


You had 4 spell levels left.
You didn't know any spells.
Your spell library contained the following spells:

 Spells                   Type           Power      Damage    Failure   Level
 Sublimation of Blood     Necr           0%         N/A       100%        2
 Dazzling Flash           Conj/Hex       0%         N/A       100%        3
 Iskenderun's Mystic Bla  Conj/Tloc      0%         2d3       100%        4
 Petrify                  Tmut/Erth      0%         N/A       100%        4
 Irradiate                Conj/Tmut      0%         3d14      100%        5
 Starburst                Conj/Fire      0%         6d3       100%        6


Dungeon Overview and Level Annotations

Branches:
Dungeon (3/15)              Sewer (1/1)

Altars:


Innate Abilities, Weirdness & Mutations

You have a pair of horns on your head.
You reflexively headbutt those who attack you in melee.
You have sharp fingernails.
Your skin changes colour to match your surroundings (Stealth+).
Your movements are slightly less encumbered by armour. (ER -2)


Message History

The frilled lizard hisses angrily.
The frilled lizard bites you but does no damage.
You hit the frilled lizard.
You kill the frilled lizard!
You barely miss the jackal. You headbutt the jackal.
The jackal is heavily wounded.
You block the jackal's attack.
The frilled lizard bites the plant.
The plant begins to die.
The jackal splashes around in the water.
You slash the jackal!
You kill the jackal!
You block the frilled lizard's attack. The frilled lizard barely misses you.
A nearby plant withers and dies.
The frilled lizard bites you but does no damage.
The frilled lizard bites you but does no damage.
You block the frilled lizard's attack.
The frilled lizard bites you but does no damage.
The frilled lizard bites you but does no damage.
A river rat comes into view.
The frilled lizard bites you but does no damage.
You block the frilled lizard's attack. The frilled lizard closely misses you.
The frilled lizard barely misses you. The frilled lizard barely misses you.
You furiously retaliate!
You headbutt the frilled lizard.
You kill the frilled lizard!
You block the river rat's attack.
The river rat bites you but does no damage.
The river rat barely misses you.
The river rat bites you but does no damage.
The river rat bites you but does no damage.
The river rat barely misses you. You furiously retaliate!
You headbutt the river rat! The river rat bites you.
* * * LOW HITPOINT WARNING * * *
The river rat bites you.
* * * LOW HITPOINT WARNING * * *
The river rat bites you.
You die...

.#§#.≈≈.≈....
≈#§#.....≈.≈≈
.#§#≈.#≈#≈.≈.
≈≈≈≈≈#≈#≈≈≈
#######≈#...≈
≈≈≈≈≈#≈#≈≈≈ ≈#.≈.≈
≈≈≈≈≈#≈#≈≈≈ ≈#..≈.
≈≈≈P#≈#≈≈≈ .≈..P
...P.P≈.
..≈...############.PP≈.≈
≈≈.≈..r@≈≈≈≈≈≈≈≈≈≈....≈≈
...≈≈.############..≈≈≈.
≈≈... ≈≈≈≈≈.≈≈≈..≈≈ ..≈≈
≈≈≈≈≈≈≈≈≈P.≈≈ ##.
≈≈≈≈≈..≈....# ≈≈
≈≈≈≈≈.≈.#≈#.# #
≈≈≈≈≈≈..#≈###
≈≈≈≈..###≈# ≈≈≈≈## #≈#


You could see a river rat.

Vanquished Creatures
  A kobold brigand (Sewer)
  2 adders
  4 river rats
  3 endoplasms
  2 giant cockroaches (D:3)
  8 goblins
  5 hobgoblins
  4 jackals
  10 kobolds
  2 quokkas
  8 ball pythons
  8 bats
  7 frilled lizards
  7 rats
71 creatures vanquished.

Vanquished Creatures (others)
  2 fungi (D:1)
  11 plants
13 creatures vanquished.

Grand Total: 84 creatures vanquished

Notes
Turn   | Place    | Note
-------+----------+-------------------------------------------
     0 | D:1      | Peloso the Minotaur Fighter began the quest for the Orb.
     0 | D:1      | Reached XP level 1. HP: 19/19 MP: 0/0
    51 | D:1      | Reached XP level 2. HP: 24/27 MP: 1/1
   287 | D:1      | Found a faded altar of an unknown god.
   419 | D:1      | Reached XP level 3. HP: 33/33 MP: 2/2
  1674 | D:3      | Reached XP level 4. HP: 9/40 MP: 3/3
  1685 | D:3      | Found a glowing drain.
  1946 | Sewer    | Entered a sewer
  1949 | Sewer    | Noticed a kobold brigand
  1990 | Sewer    | Gained mutation: Your skin changes colour to match your
                  | surroundings (Stealth+). [potion of mutation]
  1990 | Sewer    | Gained mutation: You have sharp fingernails. [potion of
                  | mutation]
  1990 | Sewer    | Gained mutation: Your movements are slightly less
                  | encumbered by armour. (ER -2) [potion of mutation]
  1990 | Sewer    | HP: 2/40 [poisoned by an adder]
  1993 | Sewer    | Killed a kobold brigand
  1994 | Sewer    | Reached XP level 5. HP: 9/46 MP: 4/4
  2262 | Sewer    | HP: 2/47 [river rat (2)]
  2316 | Sewer    | Slain by a river rat

Illustrated notes

Levels and vault maps discovered:
D:1:      dpeg_arrival_short_road, layout_rooms,
          shapermc_ecumenical_altar_mp_ritualfount
D:2:      layout_loops_corners
D:3:      layout_loops_corners, portal_sewer_entry_b, hex_medium,
          minmay_quadrilaterals
Sewer:    sewer_co_scattered_pipes

Skill      XL: |  1  2  3  4 |
---------------+-------------+-----
Shields        | 4 |  4.3
Armour         | 4 |  4.7
Fighting       | 4 |  4.4
Long Blades    | 3 4 |  4.8
Dodging        | |  0.9

Action                   |  1- 3 |  4- 6 || total
-------------------------+-------+-------++-------
Melee: Long sword        |   102 |    38 ||   140
       Headbutt          |    13 |     5 ||    18
  Use: Scroll            |     1 |     3 ||     4
       Potion            |       |     2 ||     2
Armor: Scale mail        |    64 |       ||    64
       Plate armour      |    22 |    91 ||   113
Dodge: Dodged            |    71 |    52 ||   123
Block: Buckler           |    32 |    24 ||    56

Table legend: (Time is in decaauts)
 A = Elapsed time spent in this place.
 B = Non-inter-level travel time spent in this place.
 C = Inter-level travel time spent in this place.
 D = Time resting spent in this place.
 E = Time spent auto-exploring this place.
 F = Levels seen in this place.
 G = Mean time per level.
                   A        B        C        D        E       F      G
               +--------+--------+--------+--------+--------+-----+--------+
         Total |   2386 |   2306 |     80 |      0 |   1483 |   4 |  596.5 |
       Dungeon |   1979 |   1899 |     80 |      0 |   1481 |   3 |  659.7 |
         Sewer |    407 |    407 |      0 |      0 |      2 |   1 |  407.0 |
               +--------+--------+--------+--------+--------+-----+--------+

Top non-repeatable levels by time:
     D:2: 869 daAuts
     D:1: 648 daAuts
     D:3: 462 daAuts
   Sewer: 407 daAuts
